 Dungeon Crawl Stone Soup version 0.22-a0-109-gbeb7240 (webtiles) character file.

491 logikai the Skirmisher (level 7, -2/79 HPs)
             Began as an Ogre Berserker on Jan 26, 2018.
             Was a Priest of Trog.
             Slain by an orc
             ... wielding a +1 falchion of holy wrath
              (4 damage)
             ... on level 5 of the Dungeon.
             The game lasted 00:23:26 (5073 turns).

logikai the Skirmisher (Ogre Berserker)             Turns: 5073, Time: 00:23:27

Health: -2/79      AC:  5    Str: 29    XL:     7   Next: 14%
Magic:  7/7        EV: 10    Int:  8    God:    Trog [***...]
Gold:   227        SH:  0    Dex:  8    Spells: 6/6 levels left

rFire    . . .     SeeInvis .   a - +1 mace
rCold    + . .     Gourm    .   (no shield)
rNeg     . . .     Faith    .   b - +0 animal skin
rPois    .         Spirit   .   F - +1 hat
rElec    .         Reflect  .   u - +0 cloak
rCorr    .         Harm     .   (gloves unavailable)
MR       .....                  (boots unavailable)
Stlth    +.........             (no amulet)
HPRegen  0.23/turn              o - ring of protection from cold
MPRegen  0.10/turn              q - ring of flight

@: mighty, slowed, very slow
A: large, unfitting armour, tough skin 1
a: Berserk, Trog's Hand, Burn Spellbooks, Renounce Religion, Evoke Flight


You were on level 5 of the Dungeon.
You worshipped Trog.
Trog was most pleased with you.
You were not hungry.

You visited 1 branch of the dungeon, and saw 5 of its levels.

You collected 227 gold pieces.

Inventory:

Hand Weapons
 a - a +1 mace (weapon)
Missiles
 m - 181 stones (quivered)
Armour
 b - a +0 animal skin (worn)
 u - a +0 cloak (worn)
 F - a +1 hat (worn)
Jewellery
 o - a ring of protection from cold (left hand)
 q - a ring of flight (right hand)
Wands
 A - a wand of flame (31)
Scrolls
 d - 3 scrolls of immolation
 e - a scroll of enchant weapon
 g - a scroll of random uselessness {unknown}
 h - a scroll of fear {unknown}
 i - 4 scrolls of identify
 k - 2 scrolls of remove curse
 n - a scroll of teleportation {unknown}
 s - a scroll of magic mapping
 y - a scroll of fog {unknown}
 G - a scroll of amnesia {unknown}
Potions
 f - a potion of magic
 j - a potion of lignification {unknown}
 l - a potion of ambrosia
 p - a potion of flight
 r - 4 potions of curing
 v - a potion of agility {unknown}
 w - a potion of heal wounds {unknown}
 x - a potion of brilliance {unknown}
 z - a potion of invisibility {unknown}
 C - a potion of resistance
 D - a potion of mutation {unknown}
Comestibles
 c - 12 rations


   Skills:
 + Level 7.8 Fighting
 + Level 5.4 Maces & Flails
 - Level 2.7 Dodging


You had 6 spell levels left.
You didn't know any spells.

Dungeon Overview and Level Annotations

Branches:
Dungeon (5/15)             Temple (0/1) D:5

Altars:
Gozag
Kikubaaqudgha
Ru
Yredelemnul
Zin

Shops:
D:5 !


Innate Abilities, Weirdness & Mutations

You are too large for most types of armour.
You have tough skin. (AC +1)


Message History

* * * LOW HITPOINT WARNING * * *
The orc hits you with a falchion of holy wrath.
* * * LOW HITPOINT WARNING * * *
The orc wizard barely misses you. The orc hits you but does no damage.
You hit the orc wizard.
The orc wizard is severely wounded.
The orc barely misses you.
The orc hits you with a falchion of holy wrath.
* * * LOW HITPOINT WARNING * * *
The orc wizard hits you with a dagger.
* * * LOW HITPOINT WARNING * * *
A hound comes into view.
The hound barks!
The orc hits you but does no damage.
Okay, then.
As you read the scroll labeled FIORPH VEOCS, it crumbles to dust.
It is a scroll of enchant armour.
Your +0 hat glows green for a moment.
The orc hits you with a falchion of holy wrath.
You die...

#.# #<...# *,,,..##^.....# #O#
#.##.# #.#*####.#....# #<#
#.##.# #.# #.##...# #.# #.##.*
#.# ##.###.## #.#
#.##.####.#####...##.# #.#
#.....#.........#....# #.#
####.<#.#.....#...##.# #.#
#....oo.#.#.#.##*.# #.#
###...@ooh)....# *,* #.#
#........#.#.#####,*
#.#########.##......#(......,*
............*#######.####.****
#.#########** #.# *,# #.# #.#
*,** #.##### ############.#
**,,** #.....# #............#
*,,,,** #####.# #.############
*,,,≈≈*


You could see a hound, an orc wizard and 3 orcs.

Vanquished Creatures
  An ice beast (D:5)
  A scorpion (D:4)
  A crimson imp (D:5)
  A jelly (D:5)
  A bullfrog skeleton (D:5)
  An orc wizard (D:5)
  A worker ant (D:5)
  3 river rats (D:4)
  7 adders
  An ooze (D:2)
  An adder skeleton (D:5)
  10 dart slugs (D:4)
  2 leopard geckos
  9 orcs
  5 giant cockroaches
  2 goblins
  6 hobgoblins
  9 kobolds
  4 quokkas
  2 ball pythons (D:4)
  6 bats
  9 frilled lizards (D:2)
  9 rats
92 creatures vanquished.

Vanquished Creatures (others)
  A human (D:4)
1 creature vanquished.

Grand Total: 93 creatures vanquished

Notes
Turn   | Place    | Note
-------+----------+-------------------------------------------
     0 | D:1      | logikai the Ogre Berserker began the quest for the Orb.
     0 | D:1      | Reached XP level 1. HP: 24/24 MP: 1/1
   822 | D:2      | Reached XP level 2. HP: 13/33 MP: 2/2
  1093 | D:2      | Reached XP level 3. HP: 39/40 MP: 3/3
  1487 | D:2      | Reached skill level 5 in Fighting
  1665 | D:2      | Reached ** piety under Trog
  1665 | D:2      | Reached XP level 4. HP: 50/50 MP: 4/4
  2449 | D:3      | Found a faded altar of an unknown god.
  2918 | D:4      | Reached skill level 6 in Fighting
  2918 | D:4      | Reached XP level 5. HP: 38/59 MP: 5/5
  3304 | D:4      | Reached *** piety under Trog
  3454 | D:4      | Found a basalt altar of Yredelemnul.
  3521 | D:4      | Reached XP level 6. HP: 39/68 MP: 6/6
  3979 | D:4      | Found an ancient bone altar of Kikubaaqudgha.
  3980 | D:4      | Noticed a human
  3982 | D:4      | Killed a human
  4287 | D:5      | Entered Level 5 of the Dungeon
  4292 | D:5      | Found Ikunko's Distillery.
  4587 | D:5      | Reached skill level 7 in Fighting
  4752 | D:5      | Noticed an ice beast
  4759 | D:5      | Killed an ice beast
  4759 | D:5      | Reached skill level 5 in Maces & Flails
  4770 | D:5      | Reached XP level 7. HP: 63/78 MP: 7/7
  4823 | D:5      | Found a sacrificial altar of Ru.
  4823 | D:5      | Found an opulent altar of Gozag.
  4826 | D:5      | Found a glowing silver altar of Zin.
  5072 | D:5      | HP: 2/79 [orc wizard/dagger (6)]
  5073 | D:5      | Slain by an orc

Vault maps used:
D:1:      shiori_arrival_whats_in_store_for_you
D:2:      first_ration, minmay_lizard_king
D:3:      chequers_ecumenical_altar_island
D:4:      kennysheep_slugbush, marbit_many_paths, portal_sewer_entry_e,
          minmay_hedge_maze, hangedman_abyss_or_decor_jellyfish_corner,
          tgw_kikubaaqudgha
D:5:      grunt_temple_overflow_open, minmay_temple_entry_fiery, serial_shops,
          shop, fountainhead, minmay_misc_feat_rugged

Skill      XL: |  1  2  3  4  5  6 |
---------------+-------------------+-----
Maces & Flails | 3 4 5 |  5.4
Fighting       | 5 6 7 |  7.8
Dodging        | |  2.7

Action                   |  1- 3 |  4- 6 |  7- 9 || total
-------------------------+-------+-------+-------++-------
Melee: Mace              |    68 |   200 |    27 ||   295
Invok: Berserk           |     3 |     2 |     1 ||     6
       Burn Spellbooks   |       |     1 |       ||     1
  Use: Scroll            |       |       |     6 ||     6
       Potion            |       |       |     6 ||     6
 Stab: Sleeping          |     2 |     1 |       ||     3
  Eat: Chunk             |     4 |     6 |     2 ||    12
       Ration            |       |     2 |       ||     2
Armor: Animal skin       |    21 |    77 |    10 ||   108
Dodge: Dodged            |    43 |   144 |    18 ||   205

Table legend:
 A = Spawn XP
 B = Non-spawn XP
 C = Spawn XP percentage of total XP
 D = Spawn monster count
 E = Non-spawn monster count
 F = Spawn count percentage of total count
 G = Total turns spent on level
                    A         B        C        D         E        F      G
               +---------+---------+-------+---------+---------+-------+---------
         Total |       0 |     702 |   0.0 |       0 |      92 |   0.0 |  5073
               +---------+---------+-------+---------+---------+-------+---------
           D:1 |       0 |       7 |   0.0 |       0 |       5 |   0.0 |   802
           D:2 |       0 |      98 |   0.0 |       0 |      32 |   0.0 |  1184
           D:3 |       0 |      21 |   0.0 |       0 |      13 |   0.0 |   854
           D:4 |       0 |     211 |   0.0 |       0 |      28 |   0.0 |  1553
           D:5 |       0 |     365 |   0.0 |       0 |      14 |   0.0 |   680
               +---------+---------+-------+---------+---------+-------+---------
